[Event "*** Titled Tuesday Blitz"]
[Site "Chess.com"]
[Date "2020.04.28"]
[Round "6"]
[White "albano87"]
[Black "DonBroca"]
[Result "1-0"]
[WhiteElo "2383"]
[BlackElo "2054"]
[TimeControl "180+1"]
[EndTime "11:06:20 PDT"]
[Termination "albano87 won by resignation"]

1. e4 c5 2. Nf3 d6 3. d4 cxd4 4. Qxd4 Bd7 5. c4 Nc6 6. Qd2 g6 7. b3 Bg7 8. Bb2 Nf6 9. Nc3 O-O 10. Be2 a5 11. O-O Bg4 12. h3 Bxf3 13. Bxf3 Nd7 14. Nd5 Nde5 15. Be2 e6 16. Ne3 Qc7 17. f4 Nd7 18. Bxg7 Kxg7 19. Rfd1 Nc5 20. Bf3 Rad8 21. Qc3+ Kg8 22. Ng4 e5 23. Nf6+ Kg7 24. Nd5 Qb8 25. f5 f6 26. g4 Rf7 27. Kg2 Ne7 28. Nxe7 Rxe7 29. Rd5 b6 30. Rad1 Qc7 31. a3 Red7 32. h4 Rc8 33. g5 Rf8 34. Bg4 gxf5 35. Bxf5 Rdd8 36. Kh2 Qe7 37. Rg1 Kh8 38. b4 axb4 39. axb4 Ne6 40. Bxe6 Qxe6 41. Qg3 Rg8 42. c5 bxc5 43.
bxc5 fxg5 44. Rxd6 Rxd6 45. cxd6 Qxd6 46. hxg5 Qd2+ 47.
Rg2 Qf4 48. Qxf4 exf4 49. Rg4 Rf8 50. Kg2 Kg7 51. Kf3 Kg6 52. Rxf4 Rc8 53. Kg4 Rc1 54.
Rf6+ Kg7 55. Rb6 Rc4 56. Kf5 Rc5+ 57. e5 Ra5 58. Rb7+ Kf8 59. Kf6 Ra6+ 60. e6 Ra8 61.
Rg7 Rb8 62. e7+ Ke8 63. Rg8+ 1-0

[Event "*** Titled Tuesday Blitz"]
[Site "Chess.com"]
[Date "2020.04.28"]
[Round "6"]
[White "The_Machine04"]
[Black "IlzeBerzina"]
[Result "1-0"]
[WhiteElo "2288"]
[BlackElo "2147"]
[TimeControl "180+1"]
[EndTime "11:06:20 PDT"]
[Termination "The_Machine04 won by resignation"]

1. d4 d5 2. Bf4 Nf6 3. e3 c5 4. c3 Nc6 5. Nd2 Qb6 6. Qb3 c4 7.
Qc2 g6 8. f3 Nh5 9. Bg3 Nxg3 10. hxg3 Qc7 11. Ne2 Bg7 12. Nf4 Qd6 13. e4 e6 14. e5 Qe7 15. b4 cxb3 16. axb3 O-O 17. Bd3 f6 18. Bxg6 hxg6 19. Nxg6 Qf7 20. Nxf8 Kxf8 21.
exf6 Qxf6 22. Kf2 Bd7 23. f4 Kf7 24. Nf3 Rh8 25. Rxh8 Bxh8 26. Rh1 Bg7 27. Rh7 Qg6 28. Ng5+ Kf6 29. Qe2 Qf5 30. Qh5 Qc2+ 31. Kg1 Qb1+ 32.
Kh2 Qg6 33. Qh4 Ne7 34. Nf3+ Kf7 35. Ne5+ 1-0

[Event "*** Titled Tuesday Blitz"]
[Site "Chess.com"]
[Date "2020.04.28"]
[Round "6"]
[White "Riazantsev"]
[Black "petrkostenko"]
[Result "0-1"]
[WhiteElo "2648"]
[BlackElo "2332"]
[TimeControl "180+1"]
[EndTime "11:06:21 PDT"]
[Termination "petrkostenko won by resignation"]

1. d4 e6 2. Nf3 f5 3. g3 Nf6 4.
Bg2 d5 5. O-O Bd6 6. b3 O-O 7.
Ba3 b6 8. c4 Bb7 9. e3 Ne4 10.
Bxd6 Qxd6 11. Nbd2 Nd7 12. Rc1 Rfd8 13. Qc2 c5 14. cxd5 exd5 15. Qb2 Qe6 16. Rfe1 Rac8 17. h4 a5 18. a4 Ba6 19. Nxe4 fxe4 20. Ng5 Qe7 21.
Bh3 Rc6 22. Bxd7 Qxd7 23. Kg2 Bc8 24. Rh1 Qe7 25. Qe2 Rf8 26. Nh3 Bxh3+ 27. Rxh3 Rcf6 28.
Rf1 cxd4 29. exd4 Qb4 30. Qd1 Rf3 31. Rhh1 Rd3 32. Qh5 Qxd4 33. Rh2 Rd2 34. Kg1 e3 35. Rg2 g6 36. Qg5 e2 37. Re1 Rd1 0-1

[Event "*** Titled Tuesday Blitz"]
[Site "Chess.com"]
[Date "2020.04.28"]
[Round "6"]
[White "tomozupan"]
[Black "VolodymyrMolyboha"]
[Result "0-1"]
[WhiteElo "2217"]
[BlackElo "2423"]
[TimeControl "180+1"]
[EndTime "11:06:21 PDT"]
[Termination "VolodymyrMolyboha won by resignation"]

1. d4 g6 2. Nf3 Bg7 3. c4 d6 4. Bf4 Bg4 5. e3 Nc6 6. Be2 e5 7. Bg3 Bxf3 8. Bxf3 exd4 9. O-O dxe3 10. Re1 Nge7 11. Rxe3 O-O 12. Nc3 Nf5 13. Re4 Ncd4 14.
Nd5 c6 15. Ne3 Nxf3+ 16. Qxf3 Nxg3 17. hxg3 Re8 18. Rf4 Re7 19. Rd1 Bxb2 20. Ng4 f5 21.
Nh6+ Kg7 22. Nxf5+ gxf5 23. Rxf5 Kh8 24. Rxd6 Qxd6 25.
Rf8+ Kg7 26. Rxa8 Re1+ 27. Kh2 Qh6+ 0-1

[Event "*** Titled Tuesday Blitz"]
[Site "Chess.com"]
[Date "2020.04.28"]
[Round "6"]
[White "powermove"]
[Black "floplover"]
[Result "0-1"]
[WhiteElo "1642"]
[BlackElo "2237"]
[TimeControl "180+1"]
[EndTime "11:06:21 PDT"]
[Termination "floplover won on time"]

1. e4 c6 2. d4 d5 3. exd5 cxd5 4. Bd3 Nc6 5. c3 Nf6 6. h3 e5 7. dxe5 Nxe5 8. Bc2 Bd6 9. Nf3 Nc6 10. O-O O-O 11. Bg5 h6 12. Bh4 Re8 13. Qd3 g5 14. Bg3 Bxg3 15.
fxg3 Ne4 16. Nd4 Nxd4 17. Qxd4 Qd6 18. g4 Ng3 19. Qd3 Nxf1 20. Kxf1 Bd7 21. Nd2 Re6 22. Nf3 Rae8 23. Nd4 Re3 24. Qh7+ Kf8 25. Bf5 Bxf5 26.
Nxf5 Qf4+ 27. Kg1 Re1+ 0-1

[Event "*** Titled Tuesday Blitz"]
[Site "Chess.com"]
[Date "2020.04.28"]
[Round "6"]
[White "Cocaino74"]
[Black "PIwan"]
[Result "0-1"]
[WhiteElo "2345"]
[BlackElo "2553"]
[TimeControl "180+1"]
[EndTime "11:06:22 PDT"]
[Termination "PIwan won by resignation"]

1. e4 e6 2. d4 d5 3. Nd2 Be7 4. Ngf3 Nf6 5. e5 Nfd7 6. Bd3 c5 7. c3 Nc6 8. O-O a5 9. a4 cxd4 10. cxd4 Nb4 11. Bb5 O-O 12. Nb1 Nb8 13. Ra3 N8c6 14. Rb3 f6 15. Re1 fxe5 16. dxe5 Bd7 17. Nc3 Be8 18. Nd4 Nxd4 19. Qxd4 Nc2 20. Qd1 Nxe1 21.
Qxe1 Bc5 22. Nd1 Bxb5 23. Rxb5 b6 24. g3 Qc7 25. Kg2 Rac8 26. Rb3 Bb4 27. Bd2 Qc4 28. Bxb4 Qxb3 29. Bxf8 Rxf8 30. Nc3 Qxb2 31. Nb5 Qc2 32. Qe3 Qe4+ 33. Qxe4 dxe4 34. Nd6 Rf3 0-1

[Event "*** Titled Tuesday Blitz"]
[Site "Chess.com"]
[Date "2020.04.28"]
[Round "6"]
[White "madalin18"]
[Black "enriquetejedor"]
[Result "1/2-1/2"]
[WhiteElo "2131"]
[BlackElo "2515"]
[TimeControl "180+1"]
[EndTime "11:06:22 PDT"]
[Termination "Game drawn by repetition"]

1. e4 c6 2. d4 g6 3. c4 d5 4. Nc3 dxe4 5. Nxe4 Bg7 6. Be3 Nf6 7. Nxf6+ exf6 8. Qd2 O-O 9. Bd3 Nd7 10. Ne2 Re8 11. O-O Nb6 12. b3 Be6 13. Rfe1 Bf8 14. Bh6 Qc7 15. Bxf8 Kxf8 16. Qh6+ Kg8 17. Rad1 Rad8 18.
Ng3 Bg4 19. f3 Be6 20. Nh5 gxh5 21. Bxh7+ Kh8 22. Bg6+ Kg8 23. Bh7+ Kh8 24. Bg6+ Kg8 25. Bh7+ 1/2-1/2

[Event "*** Titled Tuesday Blitz"]
[Site "Chess.com"]
[Date "2020.04.28"]
[Round "6"]
[White "hongnhung1234"]
[Black "binbin239"]
[Result "0-1"]
[WhiteElo "2203"]
[BlackElo "2437"]
[TimeControl "180+1"]
[EndTime "11:06:22 PDT"]
[Termination "binbin239 won by checkmate"]

1. e4 c5 2. Nc3 Nc6 3. f4 g6 4. Nf3 Bg7 5. Bc4 e6 6. O-O Nge7 7. d3 O-O 8. Qe1 d5 9. Bb3 Nd4 10. Nxd4 cxd4 11. Ne2 dxe4 12. dxe4 d3 13. Nc3 b6 14. Qg3 dxc2 15. Bxc2 Ba6 16. Rd1 Qc7 17. Bd2 Rad8 18.
Rac1 Qb8 19. Be1 Nc6 20. Bf2 Nd4 21. Bd3 Bb7 22. Kh1 Nc6 23. a3 Rd7 24. Bb1 Rfd8 25. Qg4 Nd4 26. Ba2 Kh8 27. Be3 f5 28. Qh4 fxe4 29.
Re1 Nf5 30. Qh3 Rd3 31. Bxe6 Nxe3 32. Rxe3 Qxf4 33. Rxd3 Qxc1+ 34. Nd1 Rxd3 35. Qg4 Qxd1+ 36. Qxd1 Rxd1# 0-1

[Event "*** Titled Tuesday Blitz"]
[Site "Chess.com"]
[Date "2020.04.28"]
[Round "6"]
[White "Keranke"]
[Black "doons21"]
[Result "1-0"]
[WhiteElo "2774"]
[BlackElo "2631"]
[TimeControl "180+1"]
[EndTime "11:06:23 PDT"]
[Termination "Keranke won by resignation"]

1. e4 e6 2. Qe2 c5 3. b3 Nc6 4.
Bb2 Nf6 5. f4 d5 6. e5 Nd7 7.
Nc3 Nd4 8. Qd3 Qb6 9. O-O-O a5 10. Nf3 Nxf3 11. Qxf3 g6 12. Nxd5 Qd8 13. Bb5 Bg7 14.
Nf6+ Kf8 15. Bxd7 Bxd7 16. Qxb7 Bxf6 17. exf6 a4 18. Qf3 c4 19. Qh3 axb3 20. axb3 Bc6 21. bxc4 h5 22. Rhe1 Kg8 23. Re3 Qa5 24. Ra3 Qc5 25.
Rxa8+ Bxa8 26. d3 Kh7 27. g4 Kg8 28. g5 Kh7 29. Qg3 Rb8 30. Bc3 Qa3+ 31. Kd2 Qa7 32. Qe3 Qb7 33. Qf2 Rc8 34. Ra1 Qc6 35. Ra7 Rc7 36.
Rxc7 Qxc7 37. Bb4 Bc6 38. Kc3 Ba4 39. Qd4 Qb7 40. Qd6 Qa8 41. Qf8 Qxf8 42. Bxf8 Kg8 43. Bd6 1-0

[Event "*** Titled Tuesday Blitz"]
[Site "Chess.com"]
[Date "2020.04.28"]
[Round "6"]
[White "Joshukid"]
[Black "Mimsychess"]
[Result "1-0"]
[WhiteElo "2554"]
[BlackElo "2349"]
[TimeControl "180+1"]
[EndTime "11:06:23 PDT"]
[Termination "Joshukid won by resignation"]

1. Nf3 c5 2. c4 Nf6 3. b3 e6 4.
g3 d5 5. cxd5 exd5 6. Bg2 Nc6 7.
Bb2 d4 8. O-O Be7 9. Na3 O-O 10.
Nc4 Be6 11. Nfe5 Nxe5 12. Nxe5 Bd5 13. Nf3 Re8 14. e3 d3 15. Ne1 Bxg2 16. Kxg2 Qd5+ 17.
Qf3 Ne4 18. Rd1 Rad8 19. h4 f5 20. Kh1 Bd6 21. Ng2 Re6 22. Nf4 Bxf4 23. exf4 Rde8 24.
Be5 b5 25. Kg2 c4 26. bxc4 bxc4 27. Rfe1 Rd8 28. h5 h6 29. g4 Nf6 30. Qxd5 Nxd5 31. gxf5 Rc6 32. Kf3 c3 33. dxc3 Nxc3 34. Rd2 Ne2 35.
Rexe2 dxe2 36. Rxd8+ Kf7 37. Kxe2 1-0

[Event "*** Titled Tuesday Blitz"]
[Site "Chess.com"]
[Date "2020.04.28"]
[Round "6"]
[White "Charlottemillard17"]
[Black "ajdemipopushi"]
[Result "0-1"]
[WhiteElo "1409"]
[BlackElo "2289"]
[TimeControl "180+1"]
[EndTime "11:06:23 PDT"]
[Termination "ajdemipopushi won on time"]

1. e4 c5 2. c3 d5 3. e5 Nc6 4. d4 cxd4 5. cxd4 Qb6 6. Nf3 Bg4 7. Nc3 e6 8. Bb5 Bxf3 9. Bxc6+ bxc6 10. gxf3 Ne7 11. Rg1 Nf5 12. Rg4 h5 13. Rf4 g6 14.
Rxf5 gxf5 15. Rb1 Rg8 16. Kf1 Bb4 17. Ne2 Kd7 18. Be3 Rg6 19. a3 Be7 20. Qc2 Qa6 21. Ke1 Rg2 22. h3 Rh2 23. Rc1 Rxh3 24.
Kf1 Rh1+ 25. Kg2 Rxc1 26. Qxc1 Qxe2 0-1

[Event "*** Titled Tuesday Blitz"]
[Site "Chess.com"]
[Date "2020.04.28"]
[Round "6"]
[White "MPGM"]
[Black "Kaua18"]
[Result "1-0"]
[WhiteElo "2509"]
[BlackElo "2244"]
[TimeControl "180+1"]
[EndTime "11:06:23 PDT"]
[Termination "MPGM won by resignation"]

1. e4 c5 2. Nf3 Nc6 3. Bb5 e6 4.
O-O Nge7 5. Re1 a6 6. Bf1 d5 7.
exd5 Nxd5 8. d4 Nf6 9. Be3 cxd4 10. Nxd4 Nxd4 11. Bxd4 Be7 12. Nc3 O-O 13. Re3 b5 14. Rg3 Bb7 15. Bd3 g6 16. Be5 Nh5 17. Qxh5 Bf6 18. Bxf6 Qxf6 19. Qg5 Kg7 20. Qxf6+ Kxf6 21. Be4 Bxe4 22. Nxe4+ Ke5 23. Re1 Rac8 24. c3 Rfd8 25. Rf3 f5 26. Nc5+ Kf6 27. Nxe6 Rd2 28. g4 h6 29. Nd4 Rc5 30. gxf5 gxf5 31. Re6+ Kf7 32. Rxh6 Rxb2 33. Rxa6 Rc8 34. Rxf5+ Ke7 35. Rg5 Rxc3 36. Rg7+ Kf8 37. Ne6+ 1-0

[Event "*** Titled Tuesday Blitz"]
[Site "Chess.com"]
[Date "2020.04.28"]
[Round "6"]
[White "Kolle05"]
[Black "HrvojeZagreb"]
[Result "1-0"]
[WhiteElo "2415"]
[BlackElo "2089"]
[TimeControl "180+1"]
[EndTime "11:06:24 PDT"]
[Termination "Kolle05 won on time"]

1. e4 e6 2. d4 d5 3. Nd2 dxe4 4. Nxe4 Nd7 5. c3 Ngf6 6. Bd3 b6 7. Qf3 Rb8 8.
Nxf6+ Nxf6 9. Bf4 Bd6 10. Ne2 Bxf4 11. Nxf4 O-O 12. O-O-O Bb7 13. Qe2 a5 14. h4 a4 15.
h5 h6 16. Rhg1 a3 17. b3 Nd5 18. Nxd5 Bxd5 19. Bc2 c5 20. Qd3 Qg5+ 21. Kb1 Rfd8 22. f4 Qf6 23. g4 cxd4 24. g5 hxg5 25. fxg5 Qf5 26. Qxd4 Qh3 27. h6 1-0

[Event "*** Titled Tuesday Blitz"]
[Site "Chess.com"]
[Date "2020.04.28"]
[Round "6"]
[White "IMRosen"]
[Black "VinzentSpitzl"]
[Result "1-0"]
[WhiteElo "2565"]
[BlackElo "2380"]
[TimeControl "180+1"]
[EndTime "11:06:25 PDT"]
[Termination "IMRosen won by resignation"]

1. d4 d5 2. Bf4 Nf6 3. e3 e6 4. Nd2 Bd6 5. Bg3 O-O 6. Ngf3 b6 7. c3 Ba6 8. Bxa6 Nxa6 9. Ne5 c5 10. Bh4 Nc7 11.
f4 Be7 12. Nc6 Qd7 13. Nxe7+ Qxe7 14. Nf3 Nce8 15. O-O Nd6 16. Ne5 Nde4 17. f5 exf5 18. Rxf5 Qe6 19. Qf3 Nd7 20. Nxd7 Qxd7 21. c4 Nd2 22.
Qxd5 Qxd5 23. cxd5 cxd4 24. exd4 Nc4 25. b3 g6 26. Rf3 Nd2 27. Re3 Rfe8 28. Rae1 Rxe3 29. Rxe3 Kg7 30. d6 h6 31. Be7 1-0

[Event "*** Titled Tuesday Blitz"]
[Site "Chess.com"]
[Date "2020.04.28"]
[Round "6"]
[White "Yerlan-Ra"]
[Black "IMinTheWings"]
[Result "1-0"]
[WhiteElo "2409"]
[BlackElo "2207"]
[TimeControl "180+1"]
[EndTime "11:06:25 PDT"]
[Termination "Yerlan-Ra won by checkmate"]

1. e4 b6 2. d4 Bb7 3. Bd3 e6 4. Nf3 Nf6 5. Nbd2 d5 6. e5 Nfd7 7. O-O Be7 8. Re1 O-O 9. Nf1 c5 10. c3 Nc6 11. Ng3 h6 12. Nh5 f5 13. Nf4 Qc8 14.
Nxe6 Rf7 15. Nf4 Nf8 16. Nxd5 Nxd4 17. Nxe7+ Rxe7 18. cxd4 cxd4 19. Nxd4 Qd8 20. Nxf5 Rd7 21. Bc4+ Kh8 22. Qg4 Rc8 23. Bxh6 Rxc4 24. Bxg7+ Kg8 25.
Qxc4+ Bd5 26. Qg4 Be6 27. Bf6+ Kf7 28. Qh5+ Ng6 29. Bxd8 Rxd8 30. Qh7+ Kf8 31. Qg7+ Ke8 32. Qxg6+ Bf7 33. Qc6+ Kf8 34. e6 Bxe6 35. Qxe6 Rd1 36.
Qe7+ Kg8 37. Qg7# 1-0

[Event "*** Titled Tuesday Blitz"]
[Site "Chess.com"]
[Date "2020.04.28"]
[Round "6"]
[White "Hikaru"]
[Black "starworld123"]
[Result "1-0"]
[WhiteElo "3233"]
[BlackElo "2664"]
[TimeControl "180+1"]
[EndTime "11:06:26 PDT"]
[Termination "Hikaru won by resignation"]

1. Nf3 d5 2. b3 c5 3. Bb2 Nc6 4.
e3 Nf6 5. Bb5 Bd7 6. Bxc6 Bxc6 7. O-O e6 8. Ne5 Qc7 9. d3 Be7 10. Nd2 O-O 11. f4 Nd7 12. Nxd7 Qxd7 13. Qg4 f6 14. Rf3 d4 15. Rg3 Rf7 16. exd4 cxd4 17. a4 Bb4 18. Nc4 Bd5 19. Rf1 Bxc4 20. dxc4 Bc5 21. Rd3 e5 22. f5 Qc6 23. Re1 Re8 24.
Re4 a6 25. h4 b5 26. cxb5 axb5 27. axb5 Qxb5 28. h5 Qa6 29. Qd1 Qa8 30. Qe2 Rc8 31.
Kh2 Bf8 32. c3 dxc3 33. Bxc3 Rfc7 34. Bd2 Rc2 35. h6 Rd8 36. hxg7 Bxg7 37. Rg4 Kh8 38.
Bh6 Rc7 39. Rc3 Rcd7 40. Bxg7+ Rxg7 41. Rxg7 Kxg7 42. Qg4+ Kh8 43. Qh4 Rg8 44. Qxf6+ Rg7 45. Rg3 Qg8 46. Qxe5 1-0

[Event "*** Titled Tuesday Blitz"]
[Site "Chess.com"]
[Date "2020.04.28"]
[Round "6"]
[White "Chessmasterzt"]
[Black "Antelacus"]
[Result "1-0"]
[WhiteElo "2496"]
[BlackElo "2322"]
[TimeControl "180+1"]
[EndTime "11:06:26 PDT"]
[Termination "Chessmasterzt won by resignation"]

1. Nf3 Nf6 2. c4 c5 3. Nc3 Nc6 4. g3 d5 5. cxd5 Nxd5 6. Bg2 Nb6 7. O-O e5 8. d3 Be7 9. Be3 O-O 10. Rc1 Be6 11. Ne4 Bxa2 12. Nxc5 Nd5 13. Nxb7 Qc8 14. Qa4 Qxb7 15. Qxa2 Nxe3 16. fxe3 Bf6 17. Nd2 Rab8 18. Rxc6 Qxb2 19. Qxb2 Rxb2 20. Rd1 a5 21. Bd5 a4 22.
Ra6 Bg5 23. Kf2 Rd8 24. Bc4 Rb4 25. Ne4 Be7 26. Ra1 Rb2 27. R6xa4 Kf8 28. Ra8 f5 29.
Rxd8+ Bxd8 30. Nc5 Ke7 31. Ra7+ Kd6 32. Nb7+ Kc7 33.
Nxd8+ Kxd8 34. Rxg7 f4 35. gxf4 exf4 36. exf4 1-0

[Event "*** Titled Tuesday Blitz"]
[Site "Chess.com"]
[Date "2020.04.28"]
[Round "6"]
[White "fridaywins"]
[Black "BasilSmash"]
[Result "0-1"]
[WhiteElo "2248"]
[BlackElo "2436"]
[TimeControl "180+1"]
[EndTime "11:06:26 PDT"]
[Termination "BasilSmash won by resignation"]

1. e4 c6 2. Nc3 d5 3. Nf3 Bg4 4. h3 Bxf3 5. Qxf3 Nf6 6. g3 e6 7. Bg2 Bc5 8. O-O O-O 9. Qe2 Bb4 10.
e5 Nfd7 11. f4 c5 12. Kh2 Nc6 13. a3 Ba5 14. Qd1 c4 15. d4 cxd3 16. cxd3 Rc8 17. d4 Bb6 18. Be3 Na5 19. f5 Nxe5 20. dxe5 Bxe3 21.
f6 g6 22. Rf4 Qc7 23. Qf3 Qxe5 24. Re1 d4 25. Nd1 Nc4 26. b3 Nd2 27. Qg4 Rc2 28.
Nxe3 dxe3 29. Re4 Nxe4 30. Rxe3 Nxf6 31. Rxe5 Nxg4+ 32. hxg4 Rd8 33. Kh3 b6 34. g5 Rc3 35.
Rb5 Rdd3 36. Bb7 Rxb3 37. Kh2 Rxb5 38. Be4 Re3 0-1

[Event "*** Titled Tuesday Blitz"]
[Site "Chess.com"]
[Date "2020.04.28"]
[Round "6"]
[White "BaMBoMaTTo"]
[Black "StockholmMissile"]
[Result "1-0"]
[WhiteElo "2633"]
[BlackElo "2471"]
[TimeControl "180+1"]
[EndTime "11:06:28 PDT"]
[Termination "BaMBoMaTTo won on time"]

1. e4 e5 2. Nf3 Nc6 3. Bb5 a6 4.
Ba4 Nf6 5. O-O Bc5 6. c3 b5 7.
Bb3 d6 8. d4 Bb6 9. a4 Bd7 10.
Bg5 Rb8 11. axb5 axb5 12. Na3 h6 13. Bxf6 Qxf6 14. Nxb5 Bg4 15. Ra6 Bxf3 16. Qxf3 Qxf3 17. gxf3 exd4 18. Nxc7+ Bxc7 19. Rxc6 Kd8 20. Bxf7 dxc3 21. bxc3 Rf8 22. Bd5 Rxf3 23. Ra1 Rf6 24. Ra7 Rb1+ 25.
Kg2 Bb6 26. Rxg7 Rxf2+ 27. Kh3 Rf3+ 28. Kh4 Rf4+ 29. Kh5 Bc5 30. Be6 Rb8 31. Bf5 Rf2 32. h3 Ke8 33. Rcc7 1-0

[Event "*** Titled Tuesday Blitz"]
[Site "Chess.com"]
[Date "2020.04.28"]
[Round "6"]
[White "murtas73"]
[Black "adriangschnitzer"]
[Result "1-0"]
[WhiteElo "2597"]
[BlackElo "2405"]
[TimeControl "180+1"]
[EndTime "11:06:28 PDT"]
[Termination "murtas73 won on time"]

1. d4 Nf6 2. c4 c5 3. Nc3 cxd4 4. Qxd4 Nc6 5. Qd1 g6 6. Nf3 Bg7 7. e4 O-O 8. Be2 d6 9. O-O Bd7 10. h3 Rc8 11. Be3 Na5 12. Nd2 Be6 13. b3 Ng4 14. hxg4 Bxc3 15. Rc1 Bg7 16. f4 Nc6 17. f5 Bd7 18. Nf3 Qa5 19. Qd2 Qxd2 20. Bxd2 Nd4 21. Kf2 Bc6 22. Nxd4 Bxd4+ 23. Be3 Be5 24. Bd3 b6 25.
Rh1 e6 26. Rh3 exf5 27. exf5 Rc7 28. Rch1 gxf5 29. Bxf5 Re8 30. Bxh7+ Kf8 31. Bf5 Ke7 32. Bg5+ Kf8 33. Rh8+ Bxh8 34. Rxh8+ Kg7 35. Rh7+ Kf8 36. Bf6 1-0

[Event "*** Titled Tuesday Blitz"]
[Site "Chess.com"]
[Date "2020.04.28"]
[Round "6"]
[White "LiemLe"]
[Black "IMTominho"]
[Result "1/2-1/2"]
[WhiteElo "3002"]
[BlackElo "2823"]
[TimeControl "180+1"]
[EndTime "11:06:29 PDT"]
[Termination "Game drawn by agreement"]

1. d4 d5 2. c4 c6 3. Nf3 Nf6 4. g3 Bf5 5. Nc3 h6 6. cxd5 cxd5 7. Qb3 Qb6 8. Nxd5 Nxd5 9. Qxd5 e6 10. Qb3 Nc6 11. Bg2 Bb4+ 12. Bd2 Nxd4 13. Qa4+ Nc6 14. O-O O-O 15. Be3 Bc5 16. Bxc5 Qxc5 17. Rac1 Qb6 18. Qa3 Rac8 19. e3 Be4 20. Rc3 Rfd8 21. Rfc1 Rd5 22. Nd4 Bxg2 23. Kxg2 Ra5 24. Qb3 Qxb3 25.
Rxb3 Rc7 26. Nxc6 Rxc6 27. Rxc6 bxc6 28. a3 Rb5 29. Rxb5 cxb5 30. Kf3 Kf8 31. Ke4 Ke7 32. Kd4 Kd6 33. f4 f6 34. e4 e5+ 35. fxe5+ fxe5+ 36. Kc3 Kc5 37. b4+ 1/2-1/2

[Event "*** Titled Tuesday Blitz"]
[Site "Chess.com"]
[Date "2020.04.28"]
[Round "6"]
[White "BvsN"]
[Black "wild_cat99"]
[Result "0-1"]
[WhiteElo "2379"]
[BlackElo "2562"]
[TimeControl "180+1"]
[EndTime "11:06:29 PDT"]
[Termination "wild_cat99 won by resignation"]

1. d4 Nf6 2. c4 g6 3. Nc3 d5 4. Bg5 Ne4 5. Bh4 Nxc3 6. bxc3 Bg7 7. cxd5 Qxd5 8. e3 c5 9. Qf3 Qxf3 10. Nxf3 Nc6 11.
Bb5 Bd7 12. O-O a6 13. Be2 b5 14. a4 b4 15. cxb4 Nxb4 16. Rfc1 cxd4 17. Nxd4 e5 18. Nb3 e4 19. Rab1 Nd3 20. Rd1 Bxa4 21. Bxd3 exd3 22.
Rxd3 Rb8 23. Nd2 Rxb1+ 24. Nxb1 O-O 25. Rd8 a5 26. Na3 Bb3 27. Kf1 a4 28. Ke2 Bb2 29. Nb5 a3 30. Nxa3 Bxa3 31. Rxf8+ Kxf8 32. Bf6 Bc4+ 33.
Ke1 Bb4+ 34. Kd1 h5 35. f3 Ke8 36. e4 Kd7 37. Bd4 Ke6 38. Be3 Ke5 39. Bf2 Bc3 40.
Bg3+ Kd4 41. Bf2+ Kd3 42. Bg1 Bd4 43. Bxd4 Kxd4 44. Kd2 Bf1 45. g3 Bh3 46. Ke2 f6 47. Kf2 Kd3 48. g4 hxg4 49. fxg4 Bxg4 50. Kg3 Be6 51.
Kf4 g5+ 52. Kf3 Bd7 53. e5 fxe5 54. h4 e4+ 55. Kg3 gxh4+ 56. Kf2 e3+ 57. Ke1 e2 58.
Kf2 Kd2 0-1

[Event "*** Titled Tuesday Blitz"]
[Site "Chess.com"]
[Date "2020.04.28"]
[Round "6"]
[White "Pawnpusherschessaccademy"]
[Black "guillembaches"]
[Result "1-0"]
[WhiteElo "2251"]
[BlackElo "2416"]
[TimeControl "180+1"]
[EndTime "11:06:29 PDT"]
[Termination "Pawnpusherschessaccademy won by resignation"]

1. e4 c5 2. Nf3 d6 3. Bb5+ Bd7 4.
Bxd7+ Qxd7 5. O-O Nf6 6. Qe2 Nc6 7. Rd1 e6 8. d4 cxd4 9. Nxd4 Be7 10. c4 O-O 11. b3 Rfd8 12. Bb2 Qc7 13. Nc3 a6 14. Rd2 Qa5 15. Rad1 Rac8 16. a3 Nxd4 17. Rxd4 Nd7 18. R4d3 Ne5 19. R3d2 Ng6 20. g3 Qc7 21. Kg2 h6 22. f4 Bf6 23. f5 Ne5 24. Qh5 Qc6 25. Qh3 b5 26. fxe6 bxc4 27. exf7+ Kxf7 28. Nd5 cxb3 29. Qf5 Rg8 30. Nxf6 gxf6 31. Rxd6 Qc2+ 32. R1d2 Qb1 33.
Bxe5 1-0

[Event "*** Titled Tuesday Blitz"]
[Site "Chess.com"]
[Date "2020.04.28"]
[Round "6"]
[White "Shivagami"]
[Black "j2806"]
[Result "0-1"]
[WhiteElo "2119"]
[BlackElo "1959"]
[TimeControl "180+1"]
[EndTime "11:06:29 PDT"]
[Termination "j2806 won by resignation"]

1. d4 Nf6 2. c4 e6 3. Nc3 d5 4. cxd5 exd5 5. Bg5 c6 6. e3 Be7 7. Bd3 Nbd7 8. Qc2 O-O 9. Nge2 Re8 10. O-O Nf8 11.
f3 g6 12. e4 Ne6 13. Be3 dxe4 14. fxe4 Ng4 15. Qd2 Nxe3 16. Qxe3 Bg5 17. Qf2 Rf8 18. d5 cxd5 19. Nxd5 Nc7 20. Bc4 Be6 21. Nec3 Nxd5 22. Nxd5 Rc8 23. Bb3 b6 24. Rad1 Qe8 25. h4 Bd8 26. h5 Kg7 27. Qd4+ f6 28. Nf4 Bxb3 29. axb3 Be7 30. Ne6+ Kg8 31. Nxf8 Bc5 32. hxg6 Bxd4+ 33. Rxd4 Qxf8 34. gxh7+ Kxh7 35. Rd8 Rxd8 0-1

[Event "*** Titled Tuesday Blitz"]
[Site "Chess.com"]
[Date "2020.04.28"]
[Round "6"]
[White "DanielRensch"]
[Black "Vincent_Vega95"]
[Result "0-1"]
[WhiteElo "2491"]
[BlackElo "2688"]
[TimeControl "180+1"]
[EndTime "11:06:30 PDT"]
[Termination "Vincent_Vega95 won by resignation"]

1. e4 g6 2. d4 Bg7 3. Nc3 d6 4. Bg5 a6 5. f4 b5 6. Nf3 Bb7 7.
Bd3 f6 8. Bh4 Nh6 9. O-O O-O 10. d5 Nf7 11. Nd4 Bc8 12. a3 c5 13.
dxc6 Qb6 14. Bf2 Qd8 15. Nd5 Ra7 16. Nxb5 axb5 17. Bxa7 Nxc6 18. Be3 Bd7 19. Bxb5 e6 20. Nc3 Qc7 21. Qe2 Rb8 22. Rfd1 f5 23. exf5 gxf5 24.
a4 Nb4 25. Kh1 Bc6 26. Qc4 Rxb5 27. Qxe6 Rb8 28. Bd4 Bxd4 29. Rxd4 Nxc2 30. Rd3 Nxa1 31. Rg3+ Kf8 32. Qf6 Be4 33. Rg7 Rxb2 34. h3 Rxg2 35. Rxg2 Bxg2+ 36. Kxg2 Nb3 37. Nd5 Qc2+ 38. Kg3 Qd3+ 39.
Kh4 Qxd5 0-1

[Event "*** Titled Tuesday Blitz"]
[Site "Chess.com"]
[Date "2020.04.28"]
[Round "6"]
[White "Ekka83"]
[Black "Gennady_Kozlov"]
[Result "1-0"]
[WhiteElo "2399"]
[BlackElo "2557"]
[TimeControl "180+1"]
[EndTime "11:06:30 PDT"]
[Termination "Ekka83 won by resignation"]

1. e4 e6 2. d4 d5 3. e5 c5 4. c3 Nc6 5. Nf3 Bd7 6. Be2 f6 7. exf6 gxf6 8. O-O Qc7 9. dxc5 Bxc5 10. Nd4 O-O-O 11.
Nb5 Qb8 12. b4 Bb6 13. a4 Nge7 14. a5 Bc7 15. g3 Rhg8 16. Nxc7 Qxc7 17. b5 Ne5 18. b6 Qb8 19. bxa7 Qxa7 20. Be3 Qb8 21. a6 Bc6 22. a7 Qa8 23. Bb6 Rd7 24. Na3 Nf5 25.
Nb5 Nf3+ 26. Bxf3 Bxb5 27. Re1 Re8 28. Bg4 Ng7 29. Qf3 f5 30. Bh3 Rd6 31. Qe3 Kd7 32. Qc5 Bc6 33. c4 d4 34. Qe5 Re7 35. Bc5 Ne8 36.
Bxf5 Kc7 37. Bxd6+ Nxd6 38. c5 Rd7 39. cxd6+ Rxd6 40. Bxe6 b6 41. Qg7+ Bd7 42. Bxd7 Rxd7 43. Re7 1-0

[Event "*** Titled Tuesday Blitz"]
[Site "Chess.com"]
[Date "2020.04.28"]
[Round "6"]
[White "AsaHoffmann"]
[Black "troisi"]
[Result "0-1"]
[WhiteElo "2303"]
[BlackElo "2171"]
[TimeControl "180+1"]
[EndTime "11:06:30 PDT"]
[Termination "troisi won by resignation"]

1. d4 Nf6 2. Bg5 e6 3. Nd2 d5 4. e3 c5 5. c3 Nc6 6. f4 h6 7. Bh4 Be7 8. Ngf3 g5 9. fxg5 Ne4 10. Nxe4 dxe4 11. Nd2 hxg5 12. Bg3 f5 13. dxc5 Bxc5 14.
Nc4 Qd5 15. Qb3 e5 16. Rd1 Qe6 17. Nxe5 Qxb3 18. axb3 Bxe3 19. Bb5 f4 20. Bf2 Bxf2+ 21. Kxf2 a6 22. Bxc6+ bxc6 23. Nxc6 Bg4 24. Rd5 e3+ 25. Kg1 Rh5 26. h3 Be6 27. Re5 Kf7 28. Nd4 Bd7 29. Kh2 Re8 30. Rxe8 Kxe8 31. Re1 g4 32. Kg1 gxh3 33.
gxh3 Rxh3 34. Kg2 Rg3+ 35. Kf1 Bh3+ 36. Ke2 Rg2+ 37. Kd3 Rxb2 38. Ke4 Rf2 39. Nf3 Bg2 40. Kxf4 Rxf3+ 41. Kg4 Kd7 42. Re2 Bh1 43. Rh2 Rf1 44. Re2 Bf3+ 45. Kg3 Bxe2 0-1